 Dungeon Crawl Stone Soup version 0.26.1-11-gd32895ea62 (webtiles) character file.

Game seed: 8595424823570029378

15229 dtburroughs the Cleaver (level 11, -10/101 HPs)
             Began as a Minotaur Berserker on May 7, 2021.
             Was an Elder of Trog.
             Mangled by a death knight
             ... wielding a +4 battleaxe
              (11 damage)
             ... on level 11 of the Dungeon.
             The game lasted 00:38:15 (14141 turns).

dtburroughs the Cleaver (Minotaur Berserker)       Turns: 14141, Time: 00:38:16

Health: -10/101    AC: 22    Str: 22    XL:     11   Next: 99%
Magic:  10/10      EV: 10    Int:  7    God:    Trog [****..]
Gold:   1741       SH:  0    Dex: 10    Spells: 10/10 levels left

rFire    . . .     SeeInvis .   p - +2 morningstar (venom)
rCold    + . .     Faith    +   j - +0 buckler
rNeg     . . .     Spirit   .   Q - +2 plate armour {Will+}
rPois    .         Reflect  .   (helmet restricted)
rElec    .         Harm     .   r - +0 cloak
rCorr    .         Rampage  .   B - +1 pair of gloves
Will     +....                  K - +0 pair of boots
Stlth    ..........             E - amulet of faith
HPRegen  0.26/turn              G - ring of protection from cold
MPRegen  0.12/turn              U - ring of stealth

@: confused, about to teleport
A: retaliatory headbutt, horns 2
a: Renounce Religion, Berserk, Trog's Hand, Brothers in Arms


You were on level 11 of the Dungeon.
You worshipped Trog.
Trog was greatly pleased with you.
You visited 1 branch of the dungeon, and saw 11 of its levels.
You also visited: Sewer.

You collected 1840 gold pieces.
You spent 99 gold pieces at shops.

Inventory:

Hand Weapons
 a - a +0 hand axe
 m - a +2 spectral quarterstaff
 p - a +2 morningstar of venom (weapon)
 q - a +2 quarterstaff of chaos
 u - a +3 hand axe
 F - a +0 war axe
 L - a cursed +4 battleaxe
Armour
 j - a +0 buckler (worn)
 r - a +0 cloak (worn)
 v - a +0 plate armour
 B - a +1 pair of gloves (worn)
 K - a +0 pair of boots (worn)
 Q - a +2 plate armour of willpower (worn)
 X - +0 steam dragon scales
Jewellery
 i - an uncursed ring of fire
 E - an amulet of faith (around neck)
 G - a ring of protection from cold (left hand)
 J - an uncursed amulet of regeneration
 U - a ring of stealth (right hand)
Wands
 h - a wand of flame (15)
 s - a wand of polymorph (15)
 A - a wand of digging (3)
 I - a wand of iceblast (2)
 P - a wand of enslavement (8)
 W - a wand of disintegration (31)
Scrolls
 b - 2 scrolls of fog {unknown}
 d - 4 scrolls of teleportation
 e - 5 scrolls of immolation
 g - 4 scrolls of magic mapping
 k - 2 scrolls of random uselessness {unknown}
 o - 2 scrolls of enchant weapon
 y - 5 scrolls of remove curse
 M - a scroll of enchant armour {unknown}
 R - a scroll of brand weapon {unknown}
 S - 2 scrolls of amnesia {unknown}
 T - 4 scrolls of identify
 V - a scroll of torment {unknown}
Potions
 c - a potion of resistance {unknown}
 l - a potion of attraction {unknown}
 n - 2 potions of brilliance {unknown}
 t - a potion of ambrosia
 w - 3 potions of flight
 x - 3 potions of might
 z - 2 potions of lignification {unknown}
 C - 2 potions of cancellation {unknown}
 D - a potion of mutation {unknown}
 H - 2 potions of curing {unknown}
 N - a potion of degeneration {unknown}
 O - 2 potions of berserk rage {unknown}


   Skills:
 + Level 10.8 Fighting
 + Level 10.9 Axes
 + Level 10.5 Armour
 + Level 9.7 Dodging
 + Level 10.1 Shields
 + Level 3.4 Evocations


You had 10 spell levels left.
You didn't know any spells.
Your spell library was empty.

Dungeon Overview and Level Annotations

Branches:
Dungeon (11/15)            Temple (0/1) D:4            Lair (0/6) D:11
    Orc (0/2) D:11          Sewer (visited)

Altars:
Dithmenos
Elyvilon
Hepliaklqana
Makhleb
Nemelex Xobeh
Okawaru
Qazlal
Ru
Vehumet

Shops:
D:9 ?


Innate Abilities, Weirdness & Mutations

You reflexively headbutt those who attack you in melee.
You have a pair of horns on your head.


Message History

You resist with some effort.
As you read the scroll of teleportation, it crumbles to dust.
You feel strangely unstable.
The death knight's dark mirror aura disappears.
The tormentor calls on the powers of darkness!
The death knight convulses!
Your body is wracked with pain!
* * * LOW HITPOINT WARNING * * *
The death knight convulses!
The tormentor suffers a backlash!
The tormentor calls on the powers of darkness!
The death knight convulses!
Your body is wracked with pain!
* * * LOW HITPOINT WARNING * * *
The death knight convulses!
The tormentor suffers a backlash!
You are confused.
You feel invigorated.
You feel yourself speed up.
The tormentor says, "I know a thousand and one ways to kill you."
The death knight hits you with a +2 battleaxe!
* * * LOW HITPOINT WARNING * * *
The death knight hits you with a +4 battleaxe!
You die...

....... ..........
....... .....##.#
.......<.. #..W...
....###.# ..........
#.p.... ...##..#
##....#....... #...../
##....# #....###......
#.....( # #....# #....#
#...... # .?##....#.
....# #....>. #
.2#.....#. #>.###......
#
"2#...p@#.####.#........
#
(##....p#..........#....
#
##.)....#.........###...
# ((......###.#.#...#
##.. #
........###..##...# ##.
# ........##.####..## ##
# .........(## #..# ## #
..........# #..# #. #
######....# #..# #.


You could see 2 death knights and 2 tormentors.

Vanquished Creatures
  A great orb of eyes (D:8)
  A hydra (D:11)
  2 centaur warriors (D:9)
  2 unseen horrors
  3 deep elf magi (D:9)
  An ugly thing (D:11)
  A gargoyle (D:9)
  A freezing wraith (D:10)
  A kobold demonologist (D:11)
  3 trolls
  A slime creature (D:9)
  Grinder (D:6)
  2 wraiths
  3 yaks (D:10)
  A wyvern (D:10)
  A vampire mosquito (D:9)
  A steam dragon (D:11)
  3 wargs (D:11)
  A water moccasin (D:9)
  5 sky beasts
  A swamp drake (D:9)
  Purgy (Sewer)
  3 ice beasts
  A hornet zombie (D:5)
  3 orc warriors
  4 phantoms
  An eye of draining (D:10)
  A necrophage (D:8)
  8 ogres
  6 centaurs
  2 big kobolds
  9 bullfrogs
  4 scorpions
  7 killer bees
  13 wights
  2 howler monkeys
  A crimson imp (D:9)
  2 jellies
  A gnoll shaman (D:9)
  8 hounds
  An iron imp (D:9)
  5 orc priests
  Crazy Yiuf (D:3)
  A bullfrog skeleton (D:10)
  A centaur skeleton (D:5)
  4 iguanas
  12 orc wizards
  6 worker ants
  A killer bee zombie (D:7)
  A hound zombie (D:9)
  2 hound skeletons (D:8)
  3 worker ant zombies
  13 gnolls
  13 adders
  2 howler monkey skeletons
  2 shadow imps
  2 white imps
  An ufetubus (D:6)
  3 oozes
  2 adder zombies
  An adder skeleton (D:9)
  2 worms
  3 dart slugs
  5 leopard geckos
  38 orcs
  2 ball pythons
  7 giant cockroaches
  11 hobgoblins
  10 jackals (D:3)
  4 quokkas
  6 bats
  9 frilled lizards
  6 goblins
  A jackal skeleton (D:6)
  11 kobolds
  A leopard gecko skeleton (D:6)
  A leopard gecko zombie (D:8)
  A quokka zombie (D:9)
  2 rats (D:1)
310 creatures vanquished.

Vanquished Creatures (collateral kills)
  A death knight (D:11)
1 creature vanquished.

Vanquished Creatures (others)
  A shadow imp (D:9)
  A white imp (D:9)
  An orc (D:9)
3 creatures vanquished.

Grand Total: 314 creatures vanquished

Notes
Turn   | Place    | Note
-------+----------+-------------------------------------------
     0 | D:1      | dtburroughs the Minotaur Berserker began the quest for the
                  | Orb.
     0 | D:1      | Reached XP level 1. HP: 19/19 MP: 0/0
   226 | D:1      | Reached XP level 2. HP: 27/27 MP: 1/1
   813 | D:2      | Reached XP level 3. HP: 31/33 MP: 2/2
  1218 | D:2      | Reached ** piety under Trog
  1257 | D:2      | Reached skill level 1 in Shields
  1364 | D:2      | Found an iron altar of Okawaru.
  1366 | D:2      | Found a burning altar of Makhleb.
  1367 | D:2      | Found a hazy altar of Hepliaklqana.
  1671 | D:2      | Found a faded altar of an unknown god.
  1675 | D:2      | Reached XP level 4. HP: 38/41 MP: 3/3
  2476 | D:3      | Reached XP level 5. HP: 33/47 MP: 4/4
  2836 | D:3      | Reached *** piety under Trog
  2942 | D:3      | Found a runed translucent door.
  2943 | D:3      | Noticed Crazy Yiuf
  3195 | D:3      | Killed Crazy Yiuf
  3380 | D:4      | Noticed an ogre
  3394 | D:4      | Killed an ogre
  3395 | D:4      | Reached skill level 5 in Fighting
  3395 | D:4      | Reached skill level 5 in Axes
  3395 | D:4      | Reached XP level 6. HP: 47/56 MP: 5/5
  3484 | D:4      | Found a staircase to the Ecumenical Temple.
  3607 | D:4      | Reached XP level 7. HP: 53/61 MP: 6/6
  3667 | D:4      | Noticed an air elemental
  3668 | D:4      | Found a stormy altar of Qazlal.
  3679 | D:4      | Noticed a water elemental
  3679 | D:4      | Noticed a fire elemental
  3778 | D:4      | Found a glowing drain.
  3788 | Sewer    | Entered a sewer
  3908 | Sewer    | Noticed Purgy
  3915 | Sewer    | Killed Purgy
  3916 | Sewer    | Reached skill level 5 in Armour
  4386 | D:5      | Entered Level 5 of the Dungeon
  4605 | D:5      | Reached XP level 8. HP: 55/70 MP: 7/7
  4675 | D:5      | Reached skill level 5 in Dodging
  4715 | D:5      | Found a sparkling altar of Nemelex Xobeh.
  4912 | D:5      | Reached **** piety under Trog
  4956 | D:5      | Found a radiant altar of Vehumet.
  5104 | D:5      | Reached skill level 5 in Shields
  5646 | D:6      | Noticed Grinder
  5651 | D:6      | Found a shadowy altar of Dithmenos.
  5690 | D:6      | Killed Grinder
  5691 | D:6      | Reached XP level 9. HP: 45/79 MP: 8/8
  6157 | D:6      | Killed an unseen horror
  6661 | D:7      | Found a white marble altar of Elyvilon.
  7764 | D:8      | Reached XP level 10. HP: 83/90 MP: 9/9
  7877 | D:8      | Found a sacrificial altar of Ru.
  8367 | D:9      | Noticed a gargoyle
  8404 | D:9      | Killed a gargoyle
  8642 | D:9      | Reached ***** piety under Trog
  8745 | D:9      | Noticed a centaur warrior
  8795 | D:9      | Killed a centaur warrior
  9089 | D:9      | Noticed a great orb of eyes
  9174 | D:8      | Paralysed by a great orb of eyes for 7 turns
  9186 | D:8      | Killed a great orb of eyes
  9586 | D:9      | Found Efyixos's Magic Scroll Emporium.
  9590 | D:9      | Bought a scroll of remove curse for 33 gold pieces
  9590 | D:9      | Bought a scroll of remove curse for 33 gold pieces
  9590 | D:9      | Bought a scroll of remove curse for 33 gold pieces
  9812 | D:9      | Noticed a deep elf mage
  9826 | D:9      | Killed a deep elf mage
  9871 | D:9      | Noticed a centaur warrior
  9882 | D:9      | Killed a centaur warrior
  9883 | D:9      | Reached XP level 11. HP: 72/99 MP: 10/10
 10065 | D:9      | Reached skill level 10 in Fighting
 10264 | D:9      | Reached skill level 10 in Axes
 10545 | D:9      | Noticed a deep elf mage
 10546 | D:9      | Noticed a deep elf mage
 10561 | D:9      | Killed a deep elf mage
 11136 | D:9      | Killed a deep elf mage
 11137 | D:9      | Reached skill level 1 in Evocations
 11390 | D:10     | Entered Level 10 of the Dungeon
 11550 | D:10     | Killed an unseen horror
 11783 | D:10     | Reached skill level 10 in Armour
 12646 | D:11     | Found a staircase to the Orcish Mines.
 12646 | D:11     | Noticed a five-headed hydra
 12655 | D:11     | Killed a five-headed hydra
 13180 | D:11     | Found a staircase to the Lair.
 13378 | D:11     | Noticed a brown ugly thing
 13405 | D:11     | Killed a brown ugly thing
 13582 | D:11     | Reached skill level 10 in Shields
 13884 | D:11     | Noticed a death knight
 13960 | D:11     | Killed a death knight
 14132 | D:11     | Noticed a death knight
 14138 | D:11     | Noticed a death knight
 14141 | D:11     | HP: 1/101 [death knight/+2 battleaxe (11)]
 14141 | D:11     | Mangled by a death knight

Illustrated notes

Levels and vault maps discovered:
D:1:      evilmike_arrival_home_sweet_home, layout_basic
D:2:      minmay_inner_zag, layout_loops_ring, minitemple,
          chequers_ecumenical_altar_island
D:3:      layout_basic, minivault_19, uniq_crazy_yiuf_cottage
D:4:      layout_basic, minmay_temple_entry_tees, portal_sewer_entry_d,
          corexii_shack, nicolae_qazlal_style_of_elements
D:5:      layout_rooms, basic_altar, chequers_serial_rivers_micro_e,
          nemelex_lonely_heart_becter
D:6:      layout_basic, grunt_dithmenos_smoke, uniq_grinder
D:7:      layout_rooms, kennysheep_little_box, kennysheep_generic_room_16
D:8:      layout_basic, nicolae_ru_the_path_less_chosen
D:9:      minmay_the_grid_square_5x5_4x4 [minmay_the_grid_square_5x5_meh,
          minmay_the_grid_square_5x5_two_walls_a, minmay_the_grid_square_5x5_z,
          minmay_the_grid_square_5x5_mess,
          minmay_the_grid_square_5x5_broken_cross,
          minmay_the_grid_square_5x5_prize_itemx,
          minmay_the_grid_square_5x5_prize_pseudospiral,
          minmay_the_grid_square_5x5_inner_z, minmay_the_grid_square_5x5_slash,
          minmay_the_grid_square_5x5_prize_monsterx,
          minmay_the_grid_square_5x5_prize_gold,
          minmay_the_grid_square_5x5_almost_minimal,
          minmay_the_grid_square_5x5_inset, minmay_the_grid_square_5x5_lines,
          minmay_the_grid_square_5x5_shrine2, minmay_the_grid_square_5x5_c],
          layout_gridville, serial_shops, nicolae_shop_behind_doors,
          hangedman_minor_magic
D:10:     layout_rooms
D:11:     cheibrodos_tormentor_scu, layout_layer_cave, erik_lair_orcish_takeover

Skill      XL: |  1  2  3  4  5  6  7  8  9 10 11 |
---------------+----------------------------------+-----
Fighting       | 4 5 6 7 8 9 10 | 10.8
Axes           | 4 5 6 7 8 9 10 | 10.9
Armour         | 3 4 5 6 8 9 10 | 10.5
Shields        | 1 2 3 4 6 7 9 10 | 10.1
Dodging        | 3 4 6 7 8 9 |  9.7
Evocations     | 3 |  3.4

Action                   |  1- 3 |  4- 6 |  7- 9 | 10-12 || total
-------------------------+-------+-------+-------+-------++-------
Melee: Hand axe          |    85 |   107 |       |       ||   192
       Headbutt          |    11 |    20 |    41 |   103 ||   175
       Morningstar       |       |    40 |   283 |   465 ||   788
Invok: Trog's Hand       |       |       |       |     2 ||     2
       Brothers in Arms  |       |       |       |     2 ||     2
Evoke: Wand              |       |       |       |    12 ||    12
  Use: Scroll            |       |       |     5 |     6 ||    11
       Potion            |       |       |       |     3 ||     3
 Stab: Distracted        |       |       |       |     2 ||     2
Armor: Scale mail        |    31 |    64 |     5 |       ||   100
       Plate armour      |       |       |   181 |   326 ||   507
Dodge: Dodged            |    54 |    76 |   127 |   230 ||   487
Block: Buckler           |     6 |    29 |    63 |   140 ||   238
